 Dungeon Crawl Stone Soup version 0.30-a0-782-ge64f9170bb (webtiles) character file.

Game seed: 1172088750666553341

756 112233 the Magician (level 7, -5/36 HPs)
             Began as a Deep Elf Fire Elementalist on Feb 25, 2023.
             Slain by a vampire (10 damage)
             ... on level 5 of the Dungeon.
             The game lasted 00:03:45 (4410 turns).

112233 the Magician (Deep Elf Fire Elementalist)    Turns: 4410, Time: 00:03:46

Health: -5/36      AC:  2    Str:  5    XL:     7   Next: 50%
Magic:  20/28      EV: 14    Int: 22    God:
Gold:   286        SH:  0    Dex: 15    Spells: 10/20 levels left

rFire   . . .      SeeInvis .    n - +0 quarterstaff
rCold   . . .      Faith    .    (shield currently unavailable)
rNeg    . . .      Spirit   .    a - +0 robe
rPois   .          Reflect  .    (no helmet)
rElec   .          Harm     .    (no cloak)
rCorr   .          Rampage  .    (no gloves)
Will    .....                    (no boots)
Stlth   ++                       (no amulet)
HPRegen 0.26/turn                e - ring of magical power
MPRegen 0.21/turn                (no ring)

@: about to teleport
A: no striking features
a: no special abilities


You were on level 5 of the Dungeon.
You visited 1 branch of the dungeon, and saw 5 of its levels.

You collected 286 gold pieces.

Inventory:

Hand Weapons
 n - a +0 quarterstaff (weapon)
Armour
 a - a +0 robe (worn)
Jewellery
 e - a ring of magical power (left hand)
 m - a ring of flight
Wands
 q - a wand of iceblast (9)
Scrolls
 c - a scroll of noise {unknown}
 d - a scroll of immolation {unknown}
 h - a scroll of enchant weapon {unknown}
 i - a scroll of fog {unknown}
 j - a scroll of magic mapping {unknown}
 k - 6 scrolls of identify {unknown}
 p - a scroll of enchant armour {unknown}
 r - 3 scrolls of torment {unknown}
Potions
 b - a potion of magic
 f - a potion of might {unknown}
 l - a potion of ambrosia {unknown}
 o - 2 potions of degeneration {unknown}


   Skills:
 + Level 5.0 Dodging
 - Level 2.7 Stealth
 * Level 7.4 Spellcasting
 + Level 4.1 Conjurations
 + Level 5.2 Fire Magic


You had 10 spell levels left.
You knew the following spells:

 Your Spells              Type           Power      Damage    Failure   Level
a - Foxfire               Conj/Fire      100%       2x1d9     1%          1
b - Scorch                Fire           62%        2d8       1%          2
c - Kindle Blastsparks    Fire/Tloc/Air  30%        2d12      12%         3
d - Flame Wave            Conj/Fire      28%        2d9       12%         4

Your spell library contained the following spells:

 Spells                   Type           Power      Damage    Failure   Level
 Inner Flame              Hex/Fire       19%        N/A       9%          3
 Ensorcelled Hibernation  Hex/Ice        16%        N/A       12%         2
 Spider Form              Tmut/Pois      8%         N/A       24%         3
 Anguish                  Hex/Necr       4%         N/A       61%         4


Dungeon Overview and Level Annotations

Branches:
Dungeon (5/15)
 Temple: D:4-7

Altars:

Shops:
D:4 =

Annotations:
D:4 2 runed translucent doors, Crazy Yiuf; corax's ghost, amateur OpCj


Message History

The foxfire hits the vampire but does no damage.
The vampire is lightly damaged.
The foxfire hits the vampire but does no damage.
The vampire is lightly damaged.
Unknown command.
Casting: Foxfire (safe; 1% risk of failure)
Confirm with . or Enter, or press ? or * to list all spells.
Flames lash the vampire but do no damage.
The vampire hits you. The vampire closely misses you.
Unknown command.
Casting: Scorch (safe; 1% risk of failure)
Confirm with . or Enter, or press ? or * to list all spells.
Flames lash the vampire.
The vampire is heavily damaged.
The vampire's fire resistance burns away.
You hear a bark!
A hound comes into view.
The vampire closely misses you. x2
The vampire hits you. The vampire bites you.
The vampire draws strength from your injuries!
Unknown command.
Casting: Scorch (safe; 1% risk of failure)
Confirm with . or Enter, or press ? or * to list all spells.
Flames lash the vampire but do no damage.
The hound stops to sniff the ground.
The vampire casts a spell at you. You resist with some effort.
The vampire hits you! The vampire bites you!
* * * LOW HITPOINT WARNING * * *
The vampire draws strength from your injuries!
Unknown command.
Unknown command.
Okay, then.
As you read the scroll of teleportation, it crumbles to dust.
You feel strangely unstable. The hound misses you. The vampire hits you.
* * * LOW HITPOINT WARNING * * *
The vampire closely misses you.
Unknown command.
The vampire attacks as you move away! The vampire hits you!
You die...

######## ##......##
#.<......## ..........#
..........# .........!#
...[......#
.......@..##########
#......Vh##...##...##
....................##
.(................>..#
.....................#
.....................#
................[...##
...$......#...##...#####
#......#.$.†...........


You could see a vampire (combustible) and a hound.

Vanquished Creatures
  Menkaure (D:4)
  A necrophage (D:4)
  2 scorpions
  An orc priest (D:4)
  2 gnoll boudas (D:4)
  Jessica (D:3)
  2 iguanas (D:5)
  An orc wizard (D:5)
  11 gnolls
  7 adders
  A shadow imp (D:5)
  An ufetubus (D:5)
  A worm (D:2)
  3 dart slugs
  4 orcs
  3 ball pythons
  4 endoplasms
  3 giant cockroaches
  8 hobgoblins
  4 jackals (D:2)
  A quokka (D:1)
  5 bats
  3 frilled lizards
  10 goblins
  5 kobolds
  4 rats
89 creatures vanquished.

Vanquished Creatures (others)
  387 foxfires
  2 withered plants (D:4)
389 creatures vanquished.

Grand Total: 478 creatures vanquished

Notes
Turn   | Place    | Note
-------+----------+-------------------------------------------
     0 | D:1      | 112233 the Deep Elf Fire Elementalist began the quest for
                  | the Orb.
     0 | D:1      | Reached XP level 1. HP: 10/10 MP: 6/6
   449 | D:1      | Reached XP level 2. HP: 10/15 MP: 4/8
   532 | D:1      | Learned a level 2 spell: Scorch
  1252 | D:2      | Reached XP level 3. HP: 11/19 MP: 10/10
  1409 | D:2      | Reached skill level 4 in Spellcasting
  1560 | D:2      | Reached XP level 4. HP: 24/24 MP: 12/12
  2721 | D:3      | Noticed Jessica
  2724 | D:3      | Killed Jessica
  2725 | D:3      | Reached skill level 5 in Spellcasting
  2725 | D:3      | Reached XP level 5. HP: 28/28 MP: 14/14
  2953 | D:4      | Found Leshaj's Jewellery Shop.
  2975 | D:4      | Noticed Menkaure
  2984 | D:4      | Killed Menkaure
  2985 | D:4      | Reached XP level 6. HP: 19/32 MP: 16/16
  3146 | D:4      | Reached skill level 6 in Spellcasting
  3290 | D:4      | Found a runed translucent door.
  3291 | D:4      | Noticed corax's ghost (amateur OpCj)
  3411 | D:4      | Reached XP level 7. HP: 30/36 MP: 19/19
  3415 | D:4      | Learned a level 3 spell: Kindle Blastsparks
  3420 | D:4      | Learned a level 4 spell: Flame Wave
  3809 | D:4      | Found a runed translucent door.
  3810 | D:4      | Noticed Crazy Yiuf
  4135 | D:5      | Entered Level 5 of the Dungeon
  4154 | D:5      | Reached skill level 7 in Spellcasting
  4154 | D:5      | Reached skill level 5 in Fire Magic
  4259 | D:5      | Reached skill level 5 in Dodging
  4391 | D:5      | Noticed a vampire
  4410 | D:5      | Slain by a vampire

Illustrated notes

Levels and vault maps discovered:
D:1:      zelgadis_glass_arrival_small, layout_loops_ring
D:2:      layout_rooms, small_statue_intersection, minmay_misc_feat_more_columns
D:3:      layout_rooms, uniq_jessica
D:4:      layout_rooms, serial_shops, nicolae_shop_advertising_works
          [nicolae_subvault_shop_adworks], gammafunk_ghost_grave,
          chequers_serial_rivers_large_b, uniq_crazy_yiuf_cottage, uniq_menkaure
D:5:      layout_rooms, amcnicky_mini_rare_corridor_liquid, serial_park_tiny_1,
          uniq_duvessa

Skill      XL: |  1  2  3  4  5  6  7 |
---------------+----------------------+-----
Dodging        | 3 4 5 |  5.0
Spellcasting   | 4 5 6 7 |  7.4
Conjurations   | 2 3 4 |  4.1
Fire Magic     | 4 5 |  5.2
Stealth        | |  2.7

Action                     |  1- 3 |  4- 6 |  7- 9 || total
---------------------------+-------+-------+-------++-------
   Cast: Foxfire           |    81 |   114 |    33 ||   228
         Scorch            |     5 |    18 |     6 ||    29
         Kindle Blastspark |       |       |     4 ||     4
    Use: Scroll            |       |       |     2 ||     2
         Potion            |       |       |     1 ||     1
 Armour: Robe              |     2 |     3 |       ||     5
  Dodge: Dodged            |    11 |    31 |     7 ||    49

Table legend: (Time is in decaauts)
 A = Elapsed time spent in this place.
 B = Non-inter-level travel time spent in this place.
 C = Inter-level travel time spent in this place.
 D = Time resting spent in this place.
 E = Time spent auto-exploring this place.
 F = Levels seen in this place.
 G = Mean time per level.
                   A        B        C        D        E       F      G
               +--------+--------+--------+--------+--------+-----+--------+
         Total |   4459 |   4305 |    154 |    215 |   3367 |   5 |  891.8 |
       Dungeon |   4459 |   4305 |    154 |    215 |   3367 |   5 |  891.8 |
               +--------+--------+--------+--------+--------+-----+--------+

Top non-repeatable levels by time:
     D:4: 1183 daAuts
     D:2: 1082 daAuts
     D:1: 1066 daAuts
     D:3: 853 daAuts
     D:5: 274 daAuts
